 Dungeon Crawl Stone Soup version 0.31-a0-1267-gfedaa18580 (webtiles) character file.

Game seed: 10501181043708938352

154400 Zonian the Marksdemigod (level 16, -7/147 HPs)
             Began as a Demigod Hunter on Dec 17, 2023.
             Mangled by a naga warrior
             ... wielding a +0 trident
              (25 damage)
             ... on level 3 of the Snake Pit.
             The game lasted 01:53:16 (34382 turns).

Zonian the Marksdemigod (Demigod Hunter)           Turns: 34382, Time: 01:53:17

Health: -7/147     AC: 24    Str: 14    XL:     16   Next: 51%
Magic:  17/25      EV: 31    Int: 11    God:
Gold:   372        SH:  5    Dex: 45    Spells: 22/22 levels left

rFire   + + .        Z - +3 longbow (flame) {bow}
rCold   + . .        (shield currently unavailable)
rNeg    . . .        e - +6 ring mail of the Lime {rC+ Dex+2}
rPois   +            u - +2 helmet
rElec   .            B - +0 cloak of the Eternal Fruit {rPois rF+}
rCorr   +            L - +2 pair of gloves
SInv    .            M - +2 pair of boots
Will    +....        C - amulet "Woani" {Reflect rF+ rCorr Str+2 SH+5}
Stlth   ++++++       g - +5 ring of evasion
HPRegen 0.44/turn    d - +6 ring of dexterity
MPRegen 0.19/turn

%: reflection
@: about to teleport, studying Evocations
A: high MP 1, forlorn, divine attributes
a: no special abilities


You were on level 3 of the Snake Pit.
You visited 4 branches of the dungeon, and saw 25 of its levels.
You visited the Abyss 1 time.
You also visited: Sewer and Ossuary.

You collected 2548 gold pieces.
You spent 2176 gold pieces at shops.


Innate Abilities, Weirdness & Mutations

You have an increased reservoir of magic. (+10% MP)
You shall have no god before yourself.
Your divine heritage dramatically boosts your attributes as you level up.


   Skills:
 + Level 14.5 Fighting
 + Level 16.9 Ranged Weapons
 - Level 9.8 Armour
 - Level 10.6 Dodging
 - Level 11.3 Stealth
 - Level 3.5 Spellcasting
 + Level 7.8 Evocations


You had 22 spell levels left.
You didn't know any spells.
Your spell library contained the following spells:

 Spells                   Type           Power      Damage    Failure   Level
 Foxfire                  Conj/Fire      4%         2x1d4     41%         1
 Slow                     Hex            4%         N/A       41%         1
 Summon Small Mammal      Summ           4%         N/A       41%         1
 Cigotuvi's Dreadful Rot  Necr/Pois/Air  2%         N/A       56%         2
 Lesser Beckoning         Tloc           2%         N/A       56%         2
 Wereblood                Tmut           1%         N/A       56%         2
 Call Canine Familiar     Summ           1%         N/A       80%         3
 Confusing Touch          Hex            1%         N/A       80%         3
 Dazzling Flash           Conj/Hex       2%         N/A       80%         3
 Gell's Gravitas          Tloc           1%         N/A       80%         3
 Ignite Poison            Fire/Tmut/Pois 1%         N/A       80%         3
 Inner Flame              Hex/Fire       1%         N/A       80%         3
 Ozocubu's Armour         Ice            1%         N/A       80%         3
 Sigil of Binding         Hex            1%         N/A       80%         3
 Summon Guardian Golem    Hex/Summ       1%         N/A       80%         3
 Teleport Other           Tloc           1%         N/A       80%         3
 Tukima's Dance           Hex            1%         N/A       80%         3
 Vampiric Draining        Necr           1%         2d6       80%         3
 Anguish                  Hex/Necr       0%         N/A       99%         4
 Animate Armour           Summ/Erth      2%         N/A       99%         4
 Cause Fear               Hex            0%         N/A       99%         4
 Flame Wave               Conj/Fire      1%         2d4       99%         4
 Passage of Golubria      Tloc           1%         N/A       99%         4
 Sticky Flame             Conj/Fire      1%         2d3       99%         4
 Summon Lightning Spire   Summ/Air       1%         N/A       99%         4
 Agony                    Necr           1%         N/A       100%        5
 Freezing Cloud           Conj/Ice/Air   0%         6-21      100%        5
 Irradiate                Conj/Tmut      0%         3d11      100%        5
 Lee's Rapid Deconstruct  Erth           0%         3d4*      100%        5
 Metabolic Englaciation   Hex/Ice        0%         N/A       100%        5
 Silence                  Hex/Air        0%         N/A       100%        5
 Yara's Violent Unravell  Hex/Tmut       0%         3d3       100%        5
 Simulacrum               Ice/Necr       0%         N/A       100%        6
 Enfeeble                 Hex            0%         N/A       100%        7
 Ozocubu's Refrigeration  Ice            0%         4d7       100%        7
 Spellforged Servitor     Conj/Summ      0%         N/A       100%        7
 Chain Lightning          Conj/Air       0%         2d1       100%        9
 Polar Vortex             Ice            0%         N/A       100%        9

Inventory:

Hand Weapons
 a - a +5 shortbow of draining {bow}
   (You took it off a gnoll sergeant on level 12 of the Dungeon)
 p - the +7 sling of Broken Luck {elec, rF+}
   (You bought it in a shop on level 2 of the Orcish Mines)

   rF+:       It protects you from fire.
 Z - a +3 longbow of flaming (weapon) {bow}
   (You took it off Nessos on level 5 of the Lair of Beasts)
Missiles
 f - 15 boomerangs {throwing}
 H - 6 javelins {throwing}
 I - 55 poisoned darts {throwing}
 S - a curare-tipped dart {=fthrowing}
Armour
 e - the +6 ring mail of the Lime (worn) {rC+ Dex+2}
   (You found it on level 2 of the Snake Pit)

   Dex+2:     It affects your dexterity (+2).
   rC+:       It protects you from cold.
 h - the +5 ring mail of the Akabeko {rN+ Str+4 Stlth+}
   (You found it on level 6 of the Dungeon)

   Str+4:     It affects your strength (+4).
   rN+:       It protects you from negative energy.
   Stlth+:    It makes you more stealthy.
 u - a +2 helmet (worn)
   (You found it on level 5 of the Dungeon)
 B - the +0 cloak of the Eternal Fruit (worn) {rPois rF+}
   (You found it on level 5 of the Dungeon)

   rF+:       It protects you from fire.
   rPois:     It protects you from poison
 F - the +0 toga "Victory" {*Victory Clar}
   (You found it on level 7 of the Dungeon)

   *Victory:  When the wearer kills a threatening monster, it has a chance to
   gain +1 AC, +1 Slay, and +1 Int, capping at +7.
   When the wearer uses a scroll or a potion with a hostile monster in sight,
   its bonuses reset to +0.
   Unequipping it also resets its bonuses to +0.
   Clar:      It protects you from confusion, rage, mesmerisation and fear.
 L - a +2 pair of gloves (worn)
   (You found it on level 9 of the Dungeon)
 M - a +2 pair of boots (worn)
   (You found it on level 10 of the Dungeon)
Jewellery
 c - a ring of ice
   (You found it on level 1 of the Snake Pit)
 d - a +6 ring of dexterity (right hand)
   (You found it on level 5 of the Dungeon)
 g - a +5 ring of evasion (left hand)
   (You found it on level 1 of the Dungeon)
 j - a ring of protection from fire
   (You found it on level 4 of the Dungeon)
 C - the amulet "Woani" (around neck) {Reflect rF+ rCorr Str+2 SH+5}
   (You bought it in a shop on level 1 of the Snake Pit)

   [amulet of reflection]

   Reflect:   It reflects blocked missile attacks.
   Str+2:     It affects your strength (+2).
   rF+:       It protects you from fire.
   rCorr:     It protects you from acid and corrosion.
   SH+5:      It affects your SH (+5).
 E - a ring of resist corrosion
   (You bought it in a shop on level 2 of the Orcish Mines)
 N - an amulet of regeneration {@e2}
   (You found it on level 10 of the Dungeon)
 O - a ring of protection from cold
   (You took it off a deep elf pyromancer on level 15 of the Dungeon)
 Q - an amulet of guardian spirit
   (You found it on level 11 of the Dungeon)
Wands
 s - a wand of light (14)
   (You found it on level 14 of the Dungeon)
 t - a wand of roots (11)
   (You took it off Ijyb on level 4 of the Dungeon)
 v - a wand of charming (18)
   (You took it off Maurice on level 11 of the Dungeon)
 R - a wand of flame (25)
   (You found it on level 2 of the Lair of Beasts)
 U - a wand of digging (6)
   (You bought it in a shop on level 15 of the Dungeon)
 V - a wand of mindburst (5)
   (You found it on level 4 of the Lair of Beasts)
Scrolls
 b - a scroll of butterflies
 l - a scroll of torment {!r}
 m - 5 scrolls of identify {@r1}
 o - 7 scrolls of teleportation {@r4}
 y - 4 scrolls of poison {!r}
 J - a scroll of enchant armour
 W - 2 scrolls of fog
 X - a scroll of vulnerability {!r!r}
Potions
 i - 3 potions of invisibility
 k - 2 potions of cancellation
 n - 6 potions of attraction {!q}
 q - 5 potions of might
 r - 4 potions of curing {@q1}
 w - 3 potions of haste {@q3}
 z - 6 potions of mutation {!q}
 A - 2 potions of lignification {!q}
 G - a potion of resistance
 K - 2 potions of enlightenment
Miscellaneous
 P - a lightning rod (3/4)
   (You found it on level 12 of the Dungeon)
 T - a tin of tremorstones (2/2) {throwing}
   (You found it on level 12 of the Dungeon)

Dungeon Overview and Level Annotations

Branches:
Dungeon (15/15) Zot: 24698  Temple (0/1) D:4            Lair (5/5) D:11 Zot: 20437
 Shoals (0/4) Lair:2        Snake (3/4) Lair:3 Zot: 14128   Slime (0/5) Lair:4
    Orc (2/2) D:12 Zot: 10314     Elf (0/3) Orc:2        Vaults (0/5) D:13
 Depths (0/4) D:15          Sewer (visited)         Ossuary (visited)

Shops:
D:6 *   D:15 *   Orc:1 (   Orc:2 *(=?   Snake:1 =:=   Snake:3 :

Annotations:
D:2 1 runed translucent door, Crazy Yiuf
D:10 3 runed translucent doors, tgirl's ghost, journeyman KoEn
Lair:2 1 runed translucent door, Iich's ghost, journeyman DsFi
Lair:5 exclusion: obsidian statue

...##.#.)..####.###.#
##.##...###.........#
#.##.......#.######
#....###.....# ###..##
#.....# .....####).##.##
>..............# ###
)########..#...####....[
## #..###!S@NSS.... ###
#..###N####..... ..!.
....N.. ... ..##
##.#.#.N.# > #....###<.#
..#.N ###.....####. .#N
####..####.


SN. #######....### NN S ....#....#..... You could see a naga warrior (strong), a
naga sharpshooter (strong), a naga ritualist (strong), 2 mana vipers and a black
mamba.


Message History

The guardian serpent coils itself and waves its upper body at you.
You hear an angry hiss. 😮 HP[-14]
You take 14 damage, and now have 97/147 hp.
Unknown command.
Fire: Z) +3 longbow (flame) {bow}
Press: ? - help, Q - select action, (/) - cycle Shift-Dir - straight line, f/p - shock serpent
Aim: a shock serpent (71% to hit)
You shoot an arrow. The arrow hits the shock serpent!
The arrow burns the shock serpent.
The shock serpent's electric aura discharges, shocking you!
You hear an angry hiss.
The mana viper barely misses you. The shock serpent bites you.
The shock serpent shocks you!
The naga warrior hits you from afar with a +0 trident!
* * * LOW HITPOINT WARNING * * *
The guardian serpent coils itself and waves its upper body at you.
The mana viper bites you!
* * * LOW HITPOINT WARNING * * *
You feel your power leaking away. The shock serpent misses you.
You hear an angry hiss. 😨 HP[-36] MP[-6]
You take 36 damage, and now have 61/147 hp.
MASSIVE DAMAGE!! (PAUSE)
You lost 6 mp, and now have 19/25 mp.
Fire: Z) +3 longbow (flame) {bow}
Press: ? - help, Q - select action, (/) - cycle Shift-Dir - straight line, f/p - shock serpent
Aim: a shock serpent (moderately wounded, 71% to hit)
You shoot an arrow. The arrow hits the shock serpent.
The arrow burns the shock serpent.
The shock serpent's electric aura discharges, shocking you!
The naga warrior roars a battlecry!
The mana viper closely misses you.
The shock serpent completely misses you.
You hear an angry hiss. x2 😨 HP[+1] Unknown command.
Aiming: Fastroot
Press: ? - help, Shift-Dir - straight line, f/p - shock serpent
Aim: a shock serpent (moderately wounded)
The roots erupt in riotous growth!
Roots grab the shock serpent.
Roots grab the guardian serpent.
The grasping roots constrict the guardian serpent.
The grasping roots constrict the shock serpent.
You hear an angry hiss. x2
The shock serpent bites you but does no damage.
The naga warrior hits you from afar with a +0 trident!
* * * LOW HITPOINT WARNING * * *
The mana viper completely misses you. 😨 HP[-14]
You take 14 damage, and now have 48/147 hp.
Unknown command.
As you read the scroll of teleportation {@r4}, it crumbles to dust.
You feel strangely unstable.
The grasping roots constrict the guardian serpent.
The grasping roots constrict the shock serpent.
The shock serpent completely misses you.
You block the mana viper's attack. The naga warrior completely misses you.
The shock serpent misses you. The mana viper bites you!
* * * LOW HITPOINT WARNING * * *
You feel your power leaking away.
A mana viper comes into view. 😨 HP[-10] MP[-3]
You take 10 damage, and now have 38/147 hp.
You lost 3 mp, and now have 16/25 mp.
Fire: Z) +3 longbow (flame) {bow}
Press: ? - help, Q - select action, (/) - cycle Shift-Dir - straight line, f/p - shock serpent
Aim: a shock serpent (heavily wounded, constricted by roots, 92% to hit)
You shoot an arrow. The arrow hits the shock serpent!!
The arrow burns the shock serpent.
You kill the shock serpent!
The air sparks with electricity, shocking you!
* * * LOW HITPOINT WARNING * * *
The grasping roots constrict the guardian serpent.
You hear a shout!
A black mamba comes into view.
The guardian serpent coils itself and waves its upper body at you.
The naga warrior completely misses you. You block the mana viper's attack.
You hear an angry hiss. 😱 HP[-11]
You take 11 damage, and now have 27/147 hp.
Okay, then.
Aiming: Thunderbolt
Press: ? - help, Shift-Dir - straight line, f - naga sharpshooter
Aim: a naga sharpshooter, wielding a +0 dire flail (strong)
The thunderbolt hits the naga sharpshooter!!
The thunderbolt hits the guardian serpent!!
You kill the guardian serpent!
The thunderbolt hits the mana viper!!
You hear an angry hiss. x2
The mana viper closely misses you.
The naga sharpshooter unwields a +0 dire flail.
The naga sharpshooter wields a +0 shortbow.
The naga sharpshooter gestures wildly while chanting.
The naga sharpshooter magically shoots an arrow.
The arrow hits you!
* * * LOW HITPOINT WARNING * * *
The naga warrior hits you from afar with a +0 trident!!
You die...

Skill      XL: |  1  2  3  4  5  6  7  8  9 10 11 12 13 14 15 16 |
---------------+-------------------------------------------------+-----
Stealth        | 1 3 5 6 8 9 10 11 | 11.3
Fighting       | 2 3 5 6 7 9 10 11 13 14 | 14.5
Dodging        | 2 3 5 6 7 9 10 | 10.6
Ranged Weapons | 4 5 6 7 9 10 11 12 13 14 16 | 16.9
Armour         | 3 5 6 8 9 |  9.8
Evocations     | 3 5 7 |  7.8
Spellcasting   | 3 |  3.5

Action                     |  1- 3 |  4- 6 |  7- 9 | 10-12 | 13-15 | 16-18 || total
---------------------------+-------+-------+-------+-------+-------+-------++-------
   Fire: Shortbow          |    98 |   260 |   500 |   894 |  1662 |       ||  3414
         Longbow           |       |       |       |       |   422 |   253 ||   675
  Evoke: Wand              |       |       |     2 |     3 |    13 |     3 ||    21
         Lightning rod     |       |       |       |       |     1 |     1 ||     2
         Tin of tremorston |       |       |       |       |     1 |     1 ||     2
    Use: Scroll            |       |     4 |    14 |    13 |    10 |     6 ||    47
         Potion            |       |       |     3 |       |     8 |     8 ||    19
 Armour: Leather armour    |    13 |    29 |    62 |       |       |       ||   104
         Skin              |       |       |     4 |       |       |       ||     4
         Ring mail         |       |       |    26 |   163 |   469 |    89 ||   747
  Dodge: Dodged            |    24 |    68 |   178 |   389 |  1322 |   188 ||  2169
  Block: Other             |       |       |       |       |     2 |    25 ||    27
         Reflection        |       |       |       |       |       |     3 ||     3

Levels and vault maps discovered:
D:1:      dreamdust_arrival_beginning_and_end, layout_basic
D:2:      layout_basic, basic_altar, uniq_jessica, uniq_crazy_yiuf_cottage
D:3:      layout_basic, mainiacjoe_overflow_catwalk, chei_slow_surprise,
          corner_web_ring
D:4:      layout_gridville, minmay_temple_entry_water_ring,
          nicolae_ossuary_entry_monument, uniq_ijyb
D:5:      layout_gridville, serial_undead, serial_undead_f, serial_undead_f,
          serial_undead_b, serial_undead_d, minmay_hollow_rounded_squares
D:6:      layout_gridville, gup_sewer_entry_bubbles, serial_shops,
          nicolae_lakefront_shop, billiards_dpeg, uniq_prince_ribbit1
D:7:      layout_cave_pools, mainiacjoe_overflow_concentric_impassable,
          nicolae_overflow_guarded_unrand_okawaru_victory, uniq_pikel,
          uniq_duvessa
D:8:      layout_cave_pools
D:9:      minmay_bubble_buster, layout_rooms, lemuel_crystal_altar
D:10:     layout_loops_ring, nicolae_dithmenos_the_darkroom,
          gammafunk_ghost_necromancy
D:11:     layout_basic, lair_entry_dummy, portal_ice_cave_entry_ice_simulacra,
          uniq_maurice, uniq_snorg
D:12:     layout_loops_ring, kennysheep_orc_monster_closet_entryway,
          minmay_st_funbox, uniq_urug
D:13:     layout_basic, hellmonk_vaults_order_and_chaos, minmay_crystal_room,
          xom_redecorated
D:14:     layout_long_grid, nicolae_ru_sacrificial_ziggurat,
          minmay_fractal_squares_gapless_5
D:15:     hangedman_depths_entry_civil_slaughter, layout_rooms, serial_rivers,
          chequers_serial_rivers_marsh, chequers_serial_rivers_micro_c,
          chequers_serial_rivers_large_a, chequers_serial_rivers_room_a,
          serial_shops, nicolae_shop_behind_doors, nicolae_uskayaw_dance_hall
Lair:1:   wad_woods_structure_01, layout_long_grid, uniq_gastronok, uniq_harold,
          uniq_joseph
Lair:2:   layout_big_grid, minmay_shoals_entry_beasts, ebering_ghost_xom,
          uniq_erica
Lair:3:   layout_regular_city, minmay_snake_entry_guardpost_large
Lair:4:   layout_layer_cave, slime_entry_1, grunt_megastairs_1
Lair:5:   due_jungle_book, layout_concentric_octagons, uniq_nessos
Snake:1:  layout_chambers, minmay_shop_grove, uniq_josephine
Snake:2:  layout_cave_shapes, serial_library_hellmonk_small_alcove,
          nicolae_snake_double_loop, nicolae_snake_magic_snake_eye,
          serial_bayou_shore_a
Snake:3:  kennysheep_snake, layout_rooms, serial_shops, shop
Orc:1:    layout_diamond_mine, nicolae_shop_firing_range
Orc:2:    st_orc_rangers, layout_caves, nicolae_orc_tapped_out, uniq_azrael

Notes
Turn   | Place    | Note
-------+----------+-------------------------------------------
     0 | D:1      | Zonian the Demigod Hunter began the quest for the Orb.
     0 | D:1      | Reached XP level 1. HP: 17/17 MP: 3/3
     0 | D:1      | magus.rc [v1.9.6]
    19 | D:1      | Reached skill level 1 in Stealth
    91 | D:1      | Reached skill level 2 in Fighting
    91 | D:1      | Reached skill level 2 in Dodging
   153 | D:1      | Reached XP level 2. HP: 24/24 MP: 4/4
   572 | D:2      | Reached skill level 4 in Ranged Weapons
   576 | D:2      | Reached XP level 3. HP: 28/29 MP: 5/5
   597 | D:2      | You pick up a book of the Senses and begin reading...
   597 | D:2      | You add the spells Dazzling Flash, Agony and Silence to
                  | your library.
   655 | D:2      | Found a runed translucent door.
   656 | D:2      | Noticed Crazy Yiuf
   787 | D:2      | Noticed Jessica
   790 | D:2      | Killed Jessica
   897 | D:2      | Reached XP level 4. HP: 36/36 MP: 6/6
   970 | D:2      | Reached skill level 5 in Ranged Weapons
  1143 | D:3      | You pick up a book of Callings and begin reading...
  1143 | D:3      | You add the spells Summon Small Mammal, Call Canine
                  | Familiar and Summon Guardian Golem to your library.
  1640 | D:3      | Reached XP level 5. HP: 38/41 MP: 7/7
  2088 | D:4      | Reached skill level 6 in Ranged Weapons
  2371 | D:4      | Found a staircase to the Ecumenical Temple.
  2671 | D:4      | Noticed Ijyb
  2680 | D:4      | Killed Ijyb
  2681 | D:4      | Reached XP level 6. HP: 41/48 MP: 8/8
  2710 | D:4      | Found a sand-covered staircase.
  2717 | Ossuary  | Entered an ossuary
  2897 | Ossuary  | Reached skill level 7 in Ranged Weapons
  3151 | Ossuary  | Reached XP level 7. HP: 55/55 MP: 9/9
  3177 | Ossuary  | Reached skill level 8 in Ranged Weapons
  3872 | D:5      | Entered Level 5 of the Dungeon
  3942 | D:5      | Found a large runed translucent door.
  3944 | D:5      | Found a large runed translucent door.
  3952 | D:5      | Found a large runed translucent door.
  3952 | D:5      | Found a large runed translucent door.
  3954 | D:5      | Noticed a wraith
  3954 | D:5      | Noticed a gargoyle
  4014 | D:5      | Reached skill level 9 in Ranged Weapons
  4110 | D:5      | HP: 12/55 [gnoll sergeant/+0 heavy hand axe (9)]
  4368 | D:5      | You add the spells Cigotuvi's Dreadful Rot, Ignite Poison
                  | and Freezing Cloud to your library.
  4391 | D:5      | Reached XP level 8. HP: 53/61 MP: 10/10
  4647 | D:5      | Reached skill level 2 in Stealth
  4779 | D:5      | Reached skill level 10 in Ranged Weapons
  4919 | D:5      | Reached skill level 3 in Fighting
  4919 | D:5      | Reached skill level 3 in Dodging
  5003 | D:5      | Killed an unseen horror
  5004 | D:5      | Reached skill level 3 in Stealth
  5293 | D:6      | Identified the +5 ring mail of the Akabeko {rN+ Str+4
                  | Stlth+}
  5360 | D:6      | Reached XP level 9. HP: 65/71 MP: 11/11
  5446 | D:6      | Found a glowing drain.
  5455 | Sewer    | Entered a sewer
  5667 | Sewer    | Reached skill level 1 in Armour
  5671 | Sewer    | Reached skill level 4 in Fighting
  5735 | D:6      | Noticed Prince Ribbit
  5743 | D:6      | Killed Prince Ribbit
  5744 | D:6      | Reached skill level 4 in Dodging
  5744 | D:6      | Reached skill level 4 in Stealth
  5979 | D:6      | Reached skill level 2 in Armour
  6145 | D:6      | Found Fiyx Pie's General Store.
  6153 | D:6      | Bought a potion of invisibility for 96 gold pieces
  6153 | D:6      | Bought a scroll of teleportation for 36 gold pieces
  6433 | D:7      | Noticed Dowan
  6436 | D:7      | Killed Dowan
  6584 | D:7      | Noticed Pikel
  6592 | D:7      | Killed Pikel
  6593 | D:7      | Reached skill level 5 in Stealth
  6766 | D:7      | Reached skill level 3 in Armour
  6771 | D:7      | Reached skill level 5 in Fighting
  7004 | D:7      | Found a runed translucent door.
  7010 | D:7      | Found the +0 toga "Victory" {*Victory Clar}
  7093 | D:7      | Noticed Duvessa
  7102 | D:7      | Killed Duvessa
  7103 | D:7      | Reached skill level 5 in Dodging
  7388 | D:8      | Reached XP level 10. HP: 81/81 MP: 13/13
  7892 | D:9      | Reached skill level 11 in Ranged Weapons
  7935 | D:9      | You pick up a book of Changes and begin reading...
  7935 | D:9      | You add the spells Wereblood and Irradiate to your library.
  8154 | D:9      | Reached skill level 4 in Armour
  8384 | D:9      | Reached skill level 6 in Stealth
  8496 | D:9      | Reached skill level 6 in Fighting
  8499 | D:9      | Reached skill level 6 in Dodging
  8740 | D:9      | You pick up a book of Debilitation and begin reading...
  8740 | D:9      | You add the spells Slow, Sigil of Binding, Vampiric
                  | Draining and Confusing Touch to your library.
  8919 | D:10     | Entered Level 10 of the Dungeon
  9438 | D:10     | Reached skill level 5 in Armour
  9440 | D:10     | Reached XP level 11. HP: 79/91 MP: 14/14
  9713 | D:10     | Noticed a two-headed ogre
  9718 | D:10     | Killed a two-headed ogre
  9719 | D:10     | Reached skill level 7 in Stealth
  9762 | D:10     | Found a runed translucent gate.
  9763 | D:10     | Found a runed translucent gate.
  9775 | D:10     | Found a runed translucent gate.
  9778 | D:10     | Noticed tgirl's ghost (journeyman KoEn)
 10371 | D:5      | Identified the +0 cloak of the Eternal Fruit {rPois rF+}
 10378 | D:5      | Identified the +8 battleaxe "Usoteexy" {elec, rPois rF+}
 10605 | D:11     | You pick up a book of Changes and begin reading...
 10749 | D:11     | Reached skill level 7 in Dodging
 10750 | D:11     | Reached skill level 7 in Fighting
 10849 | D:11     | Noticed Maurice
 10855 | D:11     | Killed Maurice
 10989 | D:11     | Found a staircase to the Lair.
 11005 | D:11     | Noticed Snorg
 11016 | D:11     | Killed Snorg
 11017 | D:11     | Reached skill level 6 in Armour
 11064 | D:11     | Found a frozen archway.
 11287 | D:11     | Reached skill level 12 in Ranged Weapons
 11475 | Lair:1   | Entered Level 1 of the Lair of Beasts
 11522 | Lair:1   | Noticed Gastronok
 11534 | Lair:1   | Killed Gastronok
 11535 | Lair:1   | Reached skill level 8 in Stealth
 11741 | Lair:1   | Noticed Harold
 11752 | Lair:1   | Killed Harold
 12222 | Lair:1   | You pick up a book of Hexes and begin reading...
 12222 | Lair:1   | You add the spells Anguish, Cause Fear and Enfeeble to your
                  | library.
 12336 | Lair:1   | Reached XP level 12. HP: 101/101 MP: 15/15
 12446 | Lair:1   | Noticed Joseph
 12451 | Lair:1   | Killed Joseph
 12513 | Lair:1   | Reached skill level 8 in Fighting
 12513 | Lair:1   | Reached skill level 8 in Dodging
 12622 | Lair:1   | You pick up a book of the Senses and begin reading...
 13011 | Lair:1   | You pick up a book of Flames and begin reading...
 13011 | Lair:1   | You add the spells Inner Flame, Sticky Flame and Flame Wave
                  | to your library.
 13254 | Lair:2   | Reached skill level 7 in Armour
 13270 | Lair:2   | Found a staircase to the Shoals.
 13748 | Lair:2   | Reached skill level 9 in Stealth
 13949 | Lair:2   | You pick up a book of Flames and begin reading...
 14006 | Lair:2   | Noticed Iich's ghost (journeyman DsFi)
 14007 | Lair:2   | Found a runed translucent door.
 14015 | Lair:2   | Noticed Erica
 14034 | Lair:2   | Killed Erica
 14462 | Lair:3   | Noticed a boulder beetle
 14473 | Lair:3   | Killed a boulder beetle
 14713 | Lair:3   | Found a staircase to the Snake Pit.
 15174 | Lair:3   | Reached skill level 8 in Armour
 15174 | Lair:3   | Reached skill level 9 in Dodging
 15296 | Lair:3   | Reached skill level 9 in Fighting
 15303 | Lair:3   | Reached XP level 13. HP: 109/111 MP: 16/16
 15310 | Lair:3   | Reached skill level 13 in Ranged Weapons
 15597 | Lair:4   | Found a staircase to the Slime Pits.
 15678 | Lair:4   | You pick up a book of Debilitation and begin reading...
 16045 | Lair:4   | Reached skill level 1 in Evocations
 16627 | Lair:4   | You pick up a book of Winter and begin reading...
 16627 | Lair:4   | You add the spells Ozocubu's Armour, Metabolic Englaciation
                  | and Simulacrum to your library.
 16843 | Lair:4   | Reached skill level 10 in Stealth
 17078 | Lair:5   | Entered Level 5 of the Lair of Beasts
 17110 | Lair:4   | Reached skill level 2 in Evocations
 17839 | Lair:5   | Noticed a dire elephant
 17839 | Lair:5   | Noticed a dire elephant
 17850 | Lair:5   | Reached skill level 3 in Evocations
 18012 | Lair:5   | Noticed a dire elephant
 18051 | Lair:5   | Killed a dire elephant
 18438 | Lair:5   | Reached skill level 9 in Armour
 18457 | Lair:5   | Noticed Nessos
 18472 | Lair:5   | Killed Nessos
 18801 | Lair:5   | Noticed a dire elephant
 18802 | Lair:5   | Identified the +7 trident of True Grit {heavy, rN+ Stlth+}
 18913 | Lair:5   | Reached skill level 10 in Dodging
 18922 | Lair:5   | Reached skill level 10 in Fighting
 19058 | Lair:5   | Reached XP level 14. HP: 102/121 MP: 14/17
 19675 | Lair:5   | Reached skill level 4 in Evocations
 20333 | Lair:5   | magus.rc [v1.9.6]
 20339 | Lair:5   | HP: 28/121 [cane toad simulacrum (11)]
 20894 | D:12     | Reached skill level 11 in Stealth
 20906 | D:12     | You add the spells Tukima's Dance, Passage of Golubria and
                  | Yara's Violent Unravelling to your library.
 21053 | D:12     | Identified the -2 pair of gloves of the Undertaker {+Blink
                  | rC+}
 21221 | D:12     | HP: 17/122 [skeletal warrior/+0 glaive (15)]
 21625 | D:12     | Noticed Urug
 21762 | D:12     | Killed Urug
 22113 | D:12     | Found a runed translucent door.
 22200 | D:12     | Reached skill level 14 in Ranged Weapons
 22270 | D:12     | Found a staircase to the Orcish Mines.
 22495 | D:13     | Reached skill level 5 in Evocations
 22863 | D:13     | Found a gate to the Vaults.
 22864 | D:13     | Noticed an ironbound preserver
 22883 | D:13     | Killed an ironbound preserver
 23885 | D:14     | You add the spells Foxfire, Spellforged Servitor and Chain
                  | Lightning to your library.
 23885 | D:14     | Got the Writings on Concussion and the Tempest
 24027 | D:14     | Reached skill level 11 in Fighting
 24474 | D:14     | You pick up a book of Displacement and begin reading...
 24474 | D:14     | You add the spells Lesser Beckoning, Gell's Gravitas and
                  | Teleport Other to your library.
 24914 | D:15     | Entered Level 15 of the Dungeon
 25467 | D:15     | Reached XP level 15. HP: 104/130 MP: 15/18
 25872 | D:15     | Found Ireoczin's Assorted Antiques.
 25875 | D:15     | Bought a long wooden wand for 92 gold pieces
 25875 | D:15     | Bought 2 potions of curing for 138 gold pieces
 25875 | D:15     | Bought a scroll of enchant armour for 172 gold pieces
 25875 | D:15     | Bought a scroll of enchant weapon for 172 gold pieces
 25899 | D:15     | You are cast into the Abyss!
 25899 | Abyss:2  | Cast into level 2 of the Abyss (an occultist)
 26071 | Abyss:2  | HP: 30/132 [cyan very ugly thing (18)]
 26072 | Abyss:2  | magus.rc [v1.9.6]
 26072 | Abyss:2  | HP: 12/132 [cyan very ugly thing (15)]
 26150 | Abyss:2  | Noticed a bone dragon
 26334 | Abyss:2  | Noticed a tentacled starspawn
 26342 | Abyss:2  | Killed a tentacled starspawn
 26350 | Abyss:2  | Reached skill level 6 in Evocations
 26657 | Abyss:2  | Reached skill level 12 in Fighting
 26657 | Abyss:2  | Reached skill level 15 in Ranged Weapons
 27039 | D:15     | You pass through the gate.
 27039 | D:15     | Escaped the Abyss
 27127 | D:15     | Found a staircase to the Depths.
 27555 | Orc:1    | Entered Level 1 of the Orcish Mines
 27685 | Orc:1    | Found Huimup's Firing Range.
 27738 | Orc:1    | Reached skill level 7 in Evocations
 28302 | Orc:2    | Entered Level 2 of the Orcish Mines
 28314 | Orc:2    | Found a staircase to the Elven Halls.
 28360 | Orc:2    | Noticed Azrael
 28361 | Orc:2    | Reached skill level 1 in Spellcasting
 28368 | Orc:2    | Killed Azrael
 28547 | Orc:2    | Reached skill level 2 in Spellcasting
 28935 | Orc:2    | Found Sunot's Antique Weapon Shop.
 28935 | Orc:2    | Found Kueffal's Jewellery Shoppe.
 28937 | Orc:2    | Found Xatucs's Magic Scroll Emporium.
 28939 | Orc:2    | Found Ytel's Assorted Antiques.
 28945 | Orc:2    | Bought a scroll of teleportation for 75 gold pieces
 28950 | Orc:2    | Bought a scroll of teleportation for 48 gold pieces
 28950 | Orc:2    | Bought a scroll of teleportation for 48 gold pieces
 29167 | Orc:2    | Bought an encrusted sling for 169 gold pieces
 29167 | Orc:2    | Identified the +7 sling of Broken Luck {elec, rF+} (You
                  | bought it in a shop on level 2 of the Orcish Mines)
 29171 | Orc:2    | Bought an emerald ring for 125 gold pieces
 29368 | D:6      | Bought a wand of light (5) for 252 gold pieces
 29831 | D:12     | Reached skill level 3 in Spellcasting
 29844 | D:12     | Identified the +6 great mace "Utwo Aha" {pain, Dex+2
                  | Stlth+}
 30149 | Snake:1  | Entered Level 1 of the Snake Pit
 30293 | Snake:1  | Reached skill level 13 in Fighting
 30303 | Snake:1  | HP: 11/135 [naga warrior/+0 glaive (36)]
 30751 | Snake:1  | Identified the +2 hand axe "Jiminla" {flame, rF+ rC+ Str+2
                  | Int-5}
 30751 | Snake:1  | Noticed Josephine
 30755 | Snake:1  | Killed Josephine
 31657 | Snake:1  | Found Jasuos's Book Shop.
 31658 | Snake:1  | Found Luequp's Jewellery Emporium.
 31658 | Snake:1  | Found Fulof's Jewellery Emporium.
 31668 | Snake:1  | Bought the amulet "Woani" {Reflect rF+ rCorr Str+2 SH+5}
                  | for 753 gold pieces
 31813 | Snake:2  | Reached skill level 16 in Ranged Weapons
 32203 | Snake:2  | Reached XP level 16. HP: 144/144 MP: 25/25
 32214 | Snake:2  | HP: 36/144 [constriction (5)]
 32215 | Snake:2  | HP: 13/144 [naga warrior/+0 long sword (28)]
 32217 | Snake:2  | HP: 4/144 [naga/+0 mace (16)]
 33032 | Snake:2  | Identified the +6 ring mail of the Lime {rC+ Dex+2}
 33094 | Snake:2  | Reached skill level 14 in Fighting
 33705 | Snake:2  | Identified a scroll of acquirement
 33706 | Snake:2  | Acquired a manual of Evocations
 33752 | Snake:2  | You pick up a book of Ice and begin reading...
 33752 | Snake:2  | You add the spells Ozocubu's Refrigeration and Polar Vortex
                  | to your library.
 34289 | Snake:3  | Found Uxa Xiokk's Book Boutique.
 34309 | Snake:3  | You pick up a book of Iron and begin reading...
 34309 | Snake:3  | You add the spells Summon Lightning Spire, Animate Armour
                  | and Lee's Rapid Deconstruction to your library.
 34381 | Snake:3  | HP: 27/147 [something (11)]
 34382 | Snake:3  | Mangled by a naga warrior

Vanquished Creatures
  A tentacled starspawn (Abyss:2)
  Gastronok (Lair:1)
  A nagaraja (Snake:2)
  A cacodemon (Abyss:2)
  An ironbound preserver (D:13)
  Nessos (Lair:5)
  A very ugly thing (Abyss:2)
  5 dire elephants (Lair:5)
  Azrael (Orc:2)
  A starcursed mass (Abyss:2)
  Snorg (D:11)
  2 ettins
  Josephine (Snake:1)
  A blizzard demon (Abyss:2)
  An entropy weaver (shapeshifter) (D:14)
  Harold (Lair:1)
  An entropy weaver (D:13)
  4 hydras
  A salamander tyrant (Snake:2)
  3 centaur warriors
  2 catoblepae
  Erica (Lair:2)
  5 boulder beetles
  8 anacondas
  8 naga warriors
  An orc high priest (Orc:2)
  A tengu warrior (D:15)
  A two-headed ogre (D:10)
  5 death yaks
  Urug (D:12)
  A spectral dire elephant (Lair:5)
  3 shock serpents
  3 thrashing horrors (Abyss:2)
  7 naga sharpshooters
  An occultist (D:15)
  2 spectral death yaks (Lair:5)
  5 skeletal warriors (D:12)
  3 salamander mystics (Snake:2)
  2 skysharks
  3 sea snakes (Snake:2)
  A spectral anaconda (Lair:5)
  4 naga ritualists (Snake:2)
  3 necromancers (Lair:5)
  Pikel (D:7)
  22 ugly things
  2 mana vipers (Snake:2)
  3 deep elf pyromancers
  5 large abominations (Abyss:2)
  4 orc knights (Orc:2)
  An orc sorcerer (Orc:1)
  25 elephants
  4 salamanders
  2 cyclopes
  7 manticores
  Maurice (D:11)
  A worldbinder (Abyss:2)
  20 black mambas
  A black mamba (shapeshifter) (D:12)
  Joseph (Lair:1)
  2 torpor snails
  7 kobold blastminers
  10 naga magi
  4 guardian serpents
  An orange demon (Abyss:2)
  2 gargoyles
  17 cane toads
  A yaktaur (D:13)
  2 unseen horrors
  7 komodo dragons
  3 rime drakes
  3 tengu conjurers (D:15)
  A kobold demonologist (D:12)
  3 ancient zymes (Abyss:2)
  A troll (shapeshifter) (D:14)
  A polar bear (shapeshifter) (D:14)
  10 trolls
  A hornet (D:8)
  3 meliai (D:14)
  A wind drake (shapeshifter) (D:12)
  2 polar bears
  A wind drake (Lair:2)
  Prince Ribbit (D:6)
  5 blink frogs (Lair:5)
  A raiju (shapeshifter) (D:12)
  2 raiju (Abyss:2)
  A centaur simulacrum (D:12)
  16 slime creatures
  A ynoxinul (Abyss:2)
  A shadow (D:12)
  A vampire (D:9)
  9 wraiths
  46 yaks
  6 wyverns
  4 fire elementals (Orc:2)
  3 steam dragons
  6 basilisks
  2 wargs (Orc:1)
  19 vampire mosquitoes
  A death yak simulacrum (Lair:5)
  A chaos spawn (Abyss:2)
  2 spectral cane toads (Lair:5)
  A small abomination (Abyss:2)
  2 acid dragons
  37 nagas
  10 water moccasins
  4 hell hounds (Orc:2)
  Duvessa (D:7)
  31 orc warriors
  3 sky beasts (D:7)
  An ice beast (shapeshifter) (D:13)
  11 ogres
  A black bear (Lair:2)
  8 wolves
  An elephant skeleton (Lair:5)
  A phantom (D:6)
  18 centaurs
  6 kobold brigands
  3 elf zombies (Ossuary)
  2 brain worms (Abyss:2)
  15 bullfrogs
  9 gnoll sergeants
  A cane toad simulacrum (Lair:5)
  2 scorpions
  A two-headed ogre simulacrum (D:11)
  A water moccasin skeleton (D:5)
  A water moccasin zombie (D:5)
  14 wights
  Dowan (D:7)
  An elephant simulacrum (Lair:5)
  2 killer bees (D:9)
  2 electric eels (Snake:2)
  4 howler monkeys
  A crimson imp (Abyss:2)
  4 bullfrog zombies (D:5)
  A quasit (Abyss:2)
  A centaur zombie (Ossuary)
  3 human zombies (Ossuary)
  7 hounds
  An iron imp (D:3)
  A jelly (D:7)
  14 orc priests
  A spectral scorpion (Ossuary)
  A bullfrog skeleton (D:5)
  2 sleepcaps (D:5)
  Ijyb (D:4)
  Jessica (D:2)
  17 orc wizards
  A killer bee zombie (D:5)
  A crocodile zombie (Ossuary)
  5 hound zombies
  A hound skeleton (D:5)
  3 mummies (Ossuary)
  A howler monkey zombie (D:5)
  16 gnolls
  14 adders
  5 river rats
  3 shadow imps
  3 white imps
  3 ufetubi
  2 adder zombies (Ossuary)
  A dart slug (D:2)
  5 worms
  70 orcs
  11 ball pythons
  6 endoplasms
  3 giant cockroaches
  10 goblins
  7 hobgoblins
  4 jackals
  11 quokkas
  3 training dummies (Orc:1)
  5 ball python zombies (Ossuary)
  3 bats
  8 frilled lizards
  A gnoll zombie (Ossuary)
  7 hobgoblin zombies (Ossuary)
  3 jackal zombies (Ossuary)
  16 kobolds
  2 kobold zombies (Ossuary)
  An orc zombie (Ossuary)
  6 quokka zombies (Ossuary)
  34 rats
  A starspawn tentacle (Abyss:2)
939 creatures vanquished.

Vanquished Creatures (others)
  A blink frog (Lair:5)
  A starspawn tentacle (Abyss:2)
2 creatures vanquished.

Grand Total: 941 creatures vanquished

Table legend:
 A = Non-vault XP
 B = Vault XP
 C = Vault XP percentage of total XP
 D = Non-vault monster count
 E = Vault monster count
 F = Vault count percentage of total count
                 A         B        C        D         E       F
            +---------+---------+-------+---------+---------+-------
      Total |  151947 |   69067 |  31.3 |     617 |     322 |  34.3
            +---------+---------+-------+---------+---------+-------
        D:1 |      32 |       0 |   0.0 |      22 |       0 |   0.0
        D:2 |      63 |      37 |  37.0 |      22 |       1 |   4.3
        D:3 |     119 |      43 |  26.5 |      17 |       1 |   5.6
        D:4 |     202 |      38 |  15.8 |      24 |       1 |   4.0
        D:5 |     513 |    1976 |  79.4 |      15 |      25 |  62.5
        D:6 |     828 |     433 |  34.3 |      13 |      11 |  45.8
        D:7 |    1084 |    1430 |  56.9 |      18 |      10 |  35.7
        D:8 |     519 |       0 |   0.0 |      12 |       0 |   0.0
        D:9 |    2547 |    2024 |  44.3 |      27 |      14 |  34.1
       D:10 |    3415 |       0 |   0.0 |      32 |       0 |   0.0
       D:11 |    3044 |    1521 |  33.3 |      15 |       3 |  16.7
       D:12 |   10913 |    5027 |  31.5 |      30 |      28 |  48.3
       D:13 |    5454 |    1981 |  26.6 |      13 |       2 |  13.3
       D:14 |    9911 |    1077 |   9.8 |      24 |       3 |  11.1
       D:15 |   10630 |    3159 |  22.9 |      24 |       5 |  17.2
     Lair:1 |    3385 |    5415 |  61.5 |      17 |      15 |  46.9
     Lair:2 |    6331 |    1605 |  20.2 |      21 |       3 |  12.5
     Lair:3 |    8117 |     960 |  10.6 |      23 |       6 |  20.7
     Lair:4 |    7512 |    1308 |  14.8 |      25 |       2 |   7.4
     Lair:5 |   14745 |   17012 |  53.6 |      37 |      28 |  43.1
    Snake:1 |    8950 |    1970 |  18.0 |      21 |       6 |  22.2
    Snake:2 |   20787 |   12264 |  37.1 |      44 |      21 |  32.3
    Snake:3 |   10491 |       0 |   0.0 |      22 |       0 |   0.0
      Orc:1 |    4281 |       6 |   0.1 |      39 |       3 |   7.1
      Orc:2 |    3632 |    8802 |  70.8 |      32 |      47 |  59.5
    Abyss:2 |   14442 |       0 |   0.0 |      28 |       0 |   0.0
      Sewer |       0 |     306 | 100.0 |       0 |      45 | 100.0
    Ossuary |       0 |     673 | 100.0 |       0 |      42 | 100.0
            +---------+---------+-------+---------+---------+-------

Skill      XL: |  1  2  3  4  5  6  7  8  9 10 11 12 13 14 15 16 |
---------------+-------------------------------------------------+-----
Stealth        | 1 3 5 6 8 9 10 11 | 11.3
Fighting       | 2 3 5 6 7 9 10 11 13 14 | 14.5
Dodging        | 2 3 5 6 7 9 10 | 10.6
Ranged Weapons | 4 5 6 7 9 10 11 12 13 14 16 | 16.9
Armour         | 3 5 6 8 9 |  9.8
Evocations     | 3 5 7 |  7.8
Spellcasting   | 3 |  3.5

Action                     |  1- 3 |  4- 6 |  7- 9 | 10-12 | 13-15 | 16-18 || total
---------------------------+-------+-------+-------+-------+-------+-------++-------
   Fire: Shortbow          |    98 |   260 |   500 |   894 |  1662 |       ||  3414
         Longbow           |       |       |       |       |   422 |   253 ||   675
  Evoke: Wand              |       |       |     2 |     3 |    13 |     3 ||    21
         Lightning rod     |       |       |       |       |     1 |     1 ||     2
         Tin of tremorston |       |       |       |       |     1 |     1 ||     2
    Use: Scroll            |       |     4 |    14 |    13 |    10 |     6 ||    47
         Potion            |       |       |     3 |       |     8 |     8 ||    19
 Armour: Leather armour    |    13 |    29 |    62 |       |       |       ||   104
         Skin              |       |       |     4 |       |       |       ||     4
         Ring mail         |       |       |    26 |   163 |   469 |    89 ||   747
  Dodge: Dodged            |    24 |    68 |   178 |   389 |  1322 |   188 ||  2169
  Block: Other             |       |       |       |       |     2 |    25 ||    27
         Reflection        |       |       |       |       |       |     3 ||     3

Illustrated notes

Table legend:
 A = Kills in this place as a percentage of kills in the entire game.
 B = Kills by you in this place as a percentage of kills by you in the entire game.
 C = Kills by friends in this place as a percentage of kills by friends in the entire game.
 D = Other kills in this place as a percentage of other kills in the entire game.
 E = Experience gained in this place as a percentage of experience gained in the entire game.
 F = Experience gained in this place divided by the number of levels of this place that you have seen.
                   A       B       C       D       E      F
               +-------+-------+-------+-------+-------+----------------------
         Total | 100.0 | 100.0 |   N/A | 100.0 | 100.0 | 7893.4
       Dungeon |  43.9 |  43.9 |   N/A |   0.0 |  30.8 | 4534.7
          Lair |  18.8 |  18.8 |   N/A | 100.0 |  30.0 | 13278.0
     Snake Pit |  12.1 |  12.2 |   N/A |   0.0 |  24.6 | 18154.0
  Orcish Mines |  12.9 |  12.9 |   N/A |   0.0 |   7.6 | 8360.5
         Abyss |   3.0 |   3.0 |   N/A |   0.0 |   6.5 | 14442.0
         Sewer |   4.8 |   4.8 |   N/A |   0.0 |   0.1 | 306.0
       Ossuary |   4.5 |   4.5 |   N/A |   0.0 |   0.3 | 673.0
               +-------+-------+-------+-------+-------+----------------------

Table legend: (Time is in decaauts)
 A = Elapsed time spent in this place.
 B = Non-inter-level travel time spent in this place.
 C = Inter-level travel time spent in this place.
 D = Time resting spent in this place.
 E = Time spent auto-exploring this place.
 F = Levels seen in this place.
 G = Mean time per level.
                   A        B        C        D        E       F      G
               +--------+--------+--------+--------+--------+-----+--------+
         Total |  34092 |  32389 |   1703 |   9762 |  15064 |  28 | 1217.6 |
       Dungeon |  16854 |  15671 |   1183 |   3684 |   8447 |  15 | 1123.6 |
          Lair |   9562 |   9148 |    414 |   3296 |   3490 |   5 | 1912.4 |
     Snake Pit |   3870 |   3840 |     30 |   1518 |   1668 |   3 | 1290.0 |
  Orcish Mines |   1685 |   1610 |     75 |    198 |   1053 |   2 |  842.5 |
         Abyss |   1085 |   1085 |      0 |    773 |     81 |   1 | 1085.0 |
         Sewer |    284 |    284 |      0 |      0 |    167 |   1 |  284.0 |
       Ossuary |    749 |    749 |      0 |    290 |    156 |   1 |  749.0 |
               +--------+--------+--------+--------+--------+-----+--------+

Top non-repeatable levels by time:
  Lair:5: 3074 daAuts
 Snake:2: 2223 daAuts
  Lair:4: 1870 daAuts
  Lair:1: 1846 daAuts
  Lair:3: 1602 daAuts
     D:5: 1592 daAuts
    D:12: 1572 daAuts
    D:15: 1392 daAuts
    D:13: 1386 daAuts
     D:9: 1374 daAuts
    D:11: 1368 daAuts
 Snake:1: 1283 daAuts
  Lair:2: 1168 daAuts
     D:7: 1141 daAuts
    D:10: 1141 daAuts
